 Dungeon Crawl Stone Soup version 0.30-a0-4-ga7cffc901d (webtiles) character file.

Game seed: 4908818796299097186

196 KleinerIrrer the Trooper (level 5, -4/59 HPs)
             Began as an Ogre Warper on Aug 21, 2022.
             Slain by a shadow imp (5 damage)
             ... summoned by Natasha
             ... on level 3 of the Dungeon.
             The game lasted 00:06:33 (4825 turns).

KleinerIrrer the Trooper (Ogre Warper)              Turns: 4825, Time: 00:06:33

Health: -4/59      AC:  4    Str: 17    XL:     5   Next: 75%
Magic:  17/17      EV:  9    Int: 14    God:
Gold:   127        SH:  0    Dex:  8    Spells: 6/8 levels left

rFire   . . .      SeeInvis .    a - +0 mace
rCold   . . .      Faith    .    (no shield)
rNeg    . . .      Spirit   .    b - +0 robe
rPois   .          Reflect  .    (helmet restricted)
rElec   .          Harm     .    r - +0 cloak
rCorr   .          Rampage  .    (gloves unavailable)
Will    .....                    (boots unavailable)
Stlth   +.........               (no amulet)
HPRegen 0.19/turn                j - ring of magical power
MPRegen 0.15/turn                (no ring)

@: no status effects
A: large, unfitting armour, tough skin 1
a: no special abilities


You were on level 3 of the Dungeon.
You visited 1 branch of the dungeon, and saw 3 of its levels.

You collected 127 gold pieces.

Inventory:

Hand Weapons
 a - a +0 mace (weapon)
 g - a +0 flail
Missiles
 d - 6 boomerangs of dispersal (quivered)
 k - 3 javelins
 p - 10 poisoned darts
 q - a throwing net
Armour
 b - a +0 robe (worn)
 r - a +0 cloak (worn)
Jewellery
 j - a ring of magical power (left hand)
Scrolls
 c - a scroll of blinking
 e - 2 scrolls of poison
 i - a scroll of magic mapping {unknown}
 s - a scroll of teleportation {unknown}
 t - a scroll of vulnerability {unknown}
Potions
 f - a potion of cancellation
 h - a potion of flight
 l - a potion of attraction
 m - a potion of curing {unknown}
 n - a potion of magic {unknown}
 o - a potion of degeneration {unknown}
 u - a potion of might {unknown}
 v - a potion of heal wounds {unknown}
 w - a potion of resistance {unknown}


   Skills:
 + Level 6.2 Fighting
 - Level 3.4 Maces & Flails
 - Level 1.0 Throwing
 - Level 2.1 Dodging
 - Level 2.4 Spellcasting
 - Level 2.6 Translocations


You had 6 spell levels left.
You knew the following spells:

 Your Spells              Type           Power      Damage    Failure   Level
a - Blink                 Tloc           18%        N/A       12%         2

Your spell library contained the following spells:

 Spells                   Type           Power      Damage    Failure   Level
 Gell's Gravitas          Tloc           9%         N/A       22%         3
 Lesser Beckoning         Tloc           9%         N/A       22%         3
 Teleport Other           Tloc           9%         N/A       22%         3
 Scorch                   Fire           2%         2d5       34%         2
 Static Discharge         Conj/Air       1%         3-4/arc   34%         2
 Manifold Assault         Tloc           9%         N/A       91%         5
 Flame Wave               Conj/Fire      1%         2d4       92%         4
 Lightning Bolt           Conj/Air       0%         1d11      99%         5
 Summon Cactus Giant      Summ           0%         N/A       100%        6
 Maxwell's Capacitive Co  Air            0%         ∞         100%        8


Dungeon Overview and Level Annotations

Branches:
Dungeon (3/15)

Altars:

Shops:
D:1 :

Annotations:
D:3 Natasha


Innate Abilities, Weirdness & Mutations

You are too large for most types of armour.
You have tough skin. (AC +1)


Message History

You closely miss Natasha.
Natasha is heavily wounded.
Natasha claws you! The shadow imp barely misses you.
Natasha howls an incantation.
Natasha's front paws start to glow.
Natasha completely misses you. The shadow imp hits you.
You barely miss Natasha.
Natasha is heavily wounded.
Natasha barely misses you.
The shadow imp hits you but does no damage.
Natasha closely misses you. The shadow imp gestures at you.
Pain shoots through your body!
You closely miss Natasha.
Natasha is heavily wounded.
Natasha closely misses you. The shadow imp gestures at you.
Pain shoots through your body! Natasha claws you! The shadow imp hits you.
* * * LOW HITPOINT WARNING * * *
You closely miss Natasha.
Natasha is heavily wounded.
Natasha misses you. The shadow imp completely misses you.
Natasha casts a spell.
You completely miss Natasha.
Natasha is heavily wounded.
The shadow imp hits you.
* * * LOW HITPOINT WARNING * * *
Natasha claws you!
* * * LOW HITPOINT WARNING * * *
The shadow imp gestures at you. Pain shoots through your body!
* * * LOW HITPOINT WARNING * * *
Your magical effects are unravelling.
You feel magically purged.
You feel yourself speed up. Natasha claws you!
* * * LOW HITPOINT WARNING * * *
The white imp gestures at you. The puff of frost misses you.
The shadow imp hits you.
You die...

######### #.......#
############## #.#####.#
#............###### #.#####.##
#............##....
#.#......#####............##....
#.#>......................##....
#.#.#.......#.............##....
#..........................)....
##...#....#.....@5...............
.'...........#...h...............
##.....##.......#5.........#####.
##.#.......<.............######.
#.##...........................
#.......#..#.#.................
#..........#. .................
#.......#...##.................
#.##....#.#....................


You could see Natasha, a white imp (summoned) and a shadow imp (summoned).

Vanquished Creatures
  An orc priest (D:2)
  A jelly (D:3)
  Natasha (twice) (D:3)
  2 adders (D:2)
  7 orcs
  6 bats
  3 endoplasms
  10 goblins
  7 hobgoblins
  4 jackals (D:1)
  2 quokkas (D:2)
  5 ball pythons
  6 frilled lizards
  5 kobolds
  5 rats
66 creatures vanquished.

Notes
Turn   | Place    | Note
-------+----------+-------------------------------------------
     0 | D:1      | KleinerIrrer the Ogre Warper began the quest for the Orb.
     0 | D:1      | Reached XP level 1. HP: 22/22 MP: 3/3
   115 | D:1      | Reached XP level 2. HP: 24/29 MP: 5/5
   559 | D:1      | Found a faded altar of an unknown god.
   619 | D:1      | Reached XP level 3. HP: 36/36 MP: 6/6
   928 | D:1      | Reached skill level 3 in Fighting
   939 | D:1      | Found Beon's Book Emporium.
  1866 | D:2      | Reached XP level 4. HP: 29/45 MP: 7/7
  2484 | D:2      | Reached skill level 4 in Fighting
  3538 | D:3      | Learned a level 2 spell: Blink
  3615 | D:3      | Noticed Natasha
  3627 | D:3      | Killed Natasha
  3628 | D:3      | Reached skill level 5 in Fighting
  3628 | D:3      | Reached XP level 5. HP: 14/57 MP: 8/8
  4143 | D:3      | Noticed Natasha
  4402 | D:3      | Killed Natasha
  4403 | D:3      | Reached skill level 6 in Fighting
  4811 | D:3      | Noticed Natasha
  4825 | D:3      | HP: 1/59 [Natasha (7)]
  4825 | D:3      | Slain by a shadow imp

Illustrated notes

Levels and vault maps discovered:
D:1:      saegor_arrival_under_anarchy, layout_loops_ring, serial_shops,
          nicolae_lakefront_shop, shapermc_ecumenical_altar_pompeii,
          minmay_misc_feat_rows, minmay_tripent
D:2:      layout_loops_ring
D:3:      layout_basic, st_stairs_7, uniq_natasha

Skill      XL: |  1  2  3  4  5 |
---------------+----------------+-----
Maces & Flails | 2 3 |  3.4
Fighting       | 3 5 6 |  6.2
Throwing       | |  1.0
Dodging        | |  2.1
Spellcasting   | |  2.4
Translocations | |  2.6

Action                   |  1- 3 |  4- 6 || total
-------------------------+-------+-------++-------
Melee: Mace              |   132 |   107 ||   239
       Punch             |     1 |       ||     1
Throw: Boomerang         |       |     1 ||     1
  Use: Scroll            |       |     5 ||     5
       Potion            |       |     2 ||     2
 Stab: Sleeping          |     1 |       ||     1
Armor: Robe              |    52 |    21 ||    73
       Skin              |       |     2 ||     2
Dodge: Dodged            |    69 |    71 ||   140

Table legend: (Time is in decaauts)
 A = Elapsed time spent in this place.
 B = Non-inter-level travel time spent in this place.
 C = Inter-level travel time spent in this place.
 D = Time resting spent in this place.
 E = Time spent auto-exploring this place.
 F = Levels seen in this place.
 G = Mean time per level.
                   A        B        C        D        E       F      G
               +--------+--------+--------+--------+--------+-----+--------+
         Total |   4908 |   4782 |    126 |   1216 |   2921 |   3 | 1636.0 |
       Dungeon |   4908 |   4782 |    126 |   1216 |   2921 |   3 | 1636.0 |
               +--------+--------+--------+--------+--------+-----+--------+

Top non-repeatable levels by time:
     D:2: 2364 daAuts
     D:3: 1537 daAuts
     D:1: 1006 daAuts
